 Dungeon Crawl Stone Soup version 0.22-a0-612-gd2f0174 (webtiles) character file.

1012 iamserjio the Chopper (level 8, -2/111 HPs)
             Began as a Naga Berserker on July 11, 2018.
             Was a Priest of Trog.
             Slain by a killer bee (7 damage)
             ... on level 5 of the Dungeon.
             The game lasted 00:12:16 (1483 turns).

iamserjio the Chopper (Naga Berserker)              Turns: 1483, Time: 00:12:17

Health: -2/111     AC: 10    Str: 29    XL:     8   Next: 21%
Magic:  8/8        EV:  6    Int: 10    God:    Trog [***...]
Gold:   246        SH:  0    Dex: 11    Spells: 7/7 levels left

rFire    + . .     SeeInvis +   s - +1 war axe (vamp)
rCold    + . .     Gourm    .   (no shield)
rNeg     . . .     Faith    .   f - +0 plate armour
rPois    +         Spirit   .   (no helmet)
rElec    .         Reflect  .   o - scarf {rC+ rF+}
rCorr    .         Harm     .   h - +0 pair of gloves
MR       +++..                  (no barding)
Stlth    ..........             (no amulet)
HPRegen  1.28/turn              t - +5 ring of strength
MPRegen  0.11/turn              (no ring)

@: berserking, lethally poisoned (-2 -> -3), regenerating, quick
A: large, see invisible, deformed body, poison resistance, slowness 2, slow
metabolism 1, spit poison 1, AC +2
a: Spit Poison, Berserk, Trog's Hand, Renounce Religion


You were on level 5 of the Dungeon.
You worshipped Trog.
Trog was most pleased with you.
You were hungry.

You visited 1 branch of the dungeon, and saw 5 of its levels.

You collected 246 gold pieces.

Inventory:

Hand Weapons
 a - a +0 hand axe
 s - a +1 vampiric war axe (weapon)
Missiles
 k - 5 javelins of penetration (quivered)
 q - 51 arrows
Armour
 b - a +0 animal skin
 f - a +0 plate armour (worn)
 h - a +0 pair of gloves (worn)
 o - a scarf of resistance (worn)
Jewellery
 t - a +5 ring of strength (left hand)
Scrolls
 e - a scroll of enchant armour {unknown}
 g - 3 scrolls of teleportation {unknown}
 i - 6 scrolls of remove curse {unknown}
 j - 5 scrolls of identify {unknown}
 p - 2 scrolls of amnesia {unknown}
 r - a scroll of magic mapping {unknown}
Potions
 d - 2 potions of heal wounds {unknown}
 l - a potion of ambrosia {unknown}
 m - a potion of curing {unknown}
 n - a potion of brilliance {unknown}
 u - a potion of resistance {unknown}
 v - a potion of degeneration {unknown}
Comestibles
 c - 4 rations
 w - 6 chunks of flesh


   Skills:
 + Level 5.1 Fighting
 * Level 6.6 Axes
 + Level 3.7 Armour
 - Level 1.5 Dodging
 + Level 6.1 Stealth


You had 7 spell levels left.
You didn't know any spells.
Your spell library was empty.

Dungeon Overview and Level Annotations

Branches:
Dungeon (5/15)
 Temple: D:4-7

Altars:


Innate Abilities, Weirdness & Mutations

You cannot wear boots.
Your serpentine skin is tough. (AC +2)
You have supernaturally acute eyesight. (SInv)
Armour fits poorly on your strangely shaped body.
Your system is resistant to poisons. (rPois)
You cover ground very slowly.
You have a slow metabolism.
You can spit poison.


Message History

You closely miss the killer bee.
The killer bee is lightly wounded.
You feel sick. The killer bee stings you!
* * * LOW HITPOINT WARNING * * *
The killer bee stings you.
* * * LOW HITPOINT WARNING * * *
You barely miss the killer bee.
The killer bee is lightly wounded.
You feel sick. The killer bee stings you.
* * * LOW HITPOINT WARNING * * *
You barely miss the killer bee.
The killer bee is lightly wounded.
You feel sick. The killer bee stings you.
* * * LOW HITPOINT WARNING * * *
The killer bee stings you.
* * * LOW HITPOINT WARNING * * *
You hit the killer bee.
You feel better.
The killer bee is heavily wounded.
You feel sick. The killer bee stings you!
You die...

#####...####.#
#........#
##.#.......
#>#.#####. .##
#.#.# ....
#.#.# .....
#.#.#
......####.#.#
.....yy@.....#
!.....####.###
..... #.# ....
#........ /#.
######### # .#
.#


You could see 2 killer bees.

Vanquished Creatures
  An orc warrior (D:3)
  A black bear (D:4)
  A centaur (D:5)
  6 big kobolds (D:3)
  2 killer bees (D:5)
  An orc wizard (D:3)
  An iguana (D:5)
  Jessica (D:2)
  4 gnolls (D:3)
  2 adders
  An adder zombie (D:5)
  A worm (D:2)
  2 dart slugs
  2 leopard geckos
  6 orcs
  2 giant cockroaches (D:2)
  3 goblins
  7 hobgoblins
  6 jackals
  A quokka (D:4)
  A ball python (D:2)
  6 bats
  7 frilled lizards
  45 kobolds
  5 rats
115 creatures vanquished.

Notes
Turn   | Place    | Note
-------+----------+-------------------------------------------
     0 | D:1      | iamserjio the Naga Berserker began the quest for the Orb.
     0 | D:1      | Reached XP level 1. HP: 21/21 MP: 1/1
    58 | D:1      | You fall through a shaft!
    66 | D:2      | Noticed Jessica
    76 | D:2      | Killed Jessica
    76 | D:2      | Reached skill level 1 in Stealth
    76 | D:2      | Reached XP level 2. HP: 5/28 MP: 2/2
    76 | D:2      | Reached XP level 3. HP: 6/34 MP: 3/3
   358 | D:1      | Reached ** piety under Trog
   506 | D:2      | Reached XP level 4. HP: 42/42 MP: 4/4
   550 | D:4      | Noticed a black bear
   559 | D:4      | Killed a black bear
   559 | D:4      | Reached XP level 5. HP: 50/50 MP: 5/5
   698 | D:3      | Noticed a big kobold
   710 | D:3      | Killed a big kobold
   710 | D:3      | Reached XP level 6. HP: 57/57 MP: 6/6
   768 | D:3      | Reached skill level 5 in Axes
   840 | D:3      | Reached *** piety under Trog
   909 | D:3      | Reached XP level 7. HP: 64/66 MP: 7/7
   946 | D:3      | Reached skill level 5 in Stealth
  1123 | D:3      | Reached **** piety under Trog
  1195 | D:5      | Entered Level 5 of the Dungeon
  1418 | D:5      | Reached skill level 5 in Fighting
  1418 | D:5      | Reached XP level 8. HP: 29/74 MP: 8/8
  1470 | D:5      | Received a gift from Trog
  1482 | D:5      | HP: 4/111 [killer bee (2)]
  1483 | D:5      | Slain by a killer bee

Vault maps used:
D:1:      minmay_arrival_widening_spiral_wide, minivault_19,
          serial_park_tiny_pond
D:2:      minmay_tromino_i4, uniq_jessica
D:3:      minmay_goblin_kobold_castle, first_ration, uniq_robin

Skill      XL: |  1  2  3  4  5  6  7  8 |
---------------+-------------------------+-----
Stealth        | 1 2 3 4 5 6 |  6.1
Armour         | 2 3 |  3.7
Axes           | 4 5 6 |  6.6
Fighting       | 4 5 |  5.1
Dodging        | |  1.5

Action                   |  1- 3 |  4- 6 |  7- 9 || total
-------------------------+-------+-------+-------++-------
Melee: Hand axe          |    64 |   115 |    75 ||   254
       War axe           |       |       |    39 ||    39
Invok: Berserk           |     4 |     4 |     5 ||    13
       Trog's Hand       |       |       |     2 ||     2
 Abil: Spit Poison       |       |       |     1 ||     1
  Eat: Chunk             |       |     6 |     6 ||    12
       Ration            |       |       |     2 ||     2
Armor: Animal skin       |     7 |       |       ||     7
       Plate armour      |    15 |   138 |   103 ||   256
Dodge: Dodged            |    28 |    41 |    42 ||   111

Table legend:
 A = Spawn XP
 B = Non-spawn XP
 C = Spawn XP percentage of total XP
 D = Spawn monster count
 E = Non-spawn monster count
 F = Spawn count percentage of total count
 G = Total turns spent on level
                    A         B        C        D         E        F      G
               +---------+---------+-------+---------+---------+-------+---------
         Total |       0 |    1446 |   0.0 |       0 |     115 |   0.0 |  1483
               +---------+---------+-------+---------+---------+-------+---------
           D:1 |       0 |      15 |   0.0 |       0 |       9 |   0.0 |   206
           D:2 |       0 |      82 |   0.0 |       0 |      22 |   0.0 |   322
           D:3 |       0 |     921 |   0.0 |       0 |      68 |   0.0 |   540
           D:4 |       0 |     140 |   0.0 |       0 |       7 |   0.0 |   194
           D:5 |       0 |     288 |   0.0 |       0 |       9 |   0.0 |   221
               +---------+---------+-------+---------+---------+-------+---------
